 Dungeon Crawl Stone Soup version 0.17.1-3-g152610e (webtiles) character file.

130 barb4r1an the Skirmisher (level 4, 0/41 HPs)
             Began as a Minotaur Fighter on Apr 9, 2016.
             Slain by a kobold
             ... wielding a +0 short sword of electrocution
              (10 damage)
             ... on level 3 of the Dungeon.
             The game lasted 00:04:21 (1504 turns).

barb4r1an the Skirmisher (Minotaur Fighter)         Turns: 1504, Time: 00:04:22

Health: 0/41       AC:  8    Str: 21    XL:     4   Next: 89%
Magic:  3/3        EV:  7    Int:  5    God:
Gold:   94         SH:  9    Dex: 10    Spells: 0 memorised, 3 levels left

rFire  . . .     SeeInvis .     a - +0 long sword
rCold  . . .     Clarity  .     b - +0 scale mail
rNeg   + . .     SustAt   .     c - +0 shield
rPois  .         Gourm    .     (helmet restricted)
rElec  .         Spirit   .     (no cloak)
rCorr  .         Warding  .     n - +0 pair of gloves
rMut   .         Stasis   .     (no boots)
MR     .....                    (no amulet)
Stlth  ..........               (no ring)
                                q - ring of positive energy

@: starving, not resistant to hostile enchantments, extremely unstealthy
A: retaliatory headbutt, horns 2
a: no special abilities


You were on level 3 of the Dungeon.
You were starving.

You visited 1 branch of the dungeon, and saw 3 of its levels.

You collected 94 gold pieces.

Inventory:

Hand Weapons
 a - a +0 long sword (weapon)
Armour
 b - a +0 scale mail (worn)
 c - a +0 shield (worn)
 n - a +0 pair of gloves (worn)
 r - a +0 cloak
Jewellery
 q - a ring of positive energy (left hand)
Scrolls
 f - a scroll of blinking {unknown}
 g - 4 scrolls of identify {unknown}
 i - a scroll of remove curse {unknown}
 k - 2 scrolls of teleportation {unknown}
 l - 2 scrolls of recharging {unknown}
 m - 3 scrolls of noise {unknown}
 s - a scroll of random uselessness {unknown}
 t - a scroll of immolation {unknown}
Potions
 d - a potion of might
 h - a potion of lignification {unknown}
 u - a potion of degeneration {unknown}
 v - a potion of agility {unknown}
Comestibles
 e - 2 bread rations
 j - 2 meat rations
 o - a slice of pizza
 p - 3 fruits


   Skills:
 + Level 4.7 Fighting
 + Level 3.8 Long Blades
 + Level 4.6 Armour
 + Level 4.3 Shields


You had 3 spell levels left.
You didn't know any spells.

Dungeon Overview and Level Annotations

Branches:
Dungeon (3/15)

Altars:


Innate Abilities, Weirdness & Mutations

You reflexively headbutt those who attack you in melee.
You have a pair of horns on your head.


Message History

Terence is severely wounded.
Terence hits you with a falchion.
You hit Terence but do no damage.
Terence is severely wounded.
Terence barely misses you. You furiously retaliate!
You headbutt Terence, but do no damage. You hit Terence.
You kill Terence!
The kobold throws a stone.
The stone hits you but does no damage. The kobold hits you but does no damage.
You are electrocuted!
Things that are here:
a falchion; a chain mail You barely miss the kobold.
The kobold hits you but does no damage. The kobold hits you but does no damage.
You closely miss the kobold. The kobold hits you but does no damage.
You are electrocuted!
* * * LOW HITPOINT WARNING * * *
You closely miss the kobold. The kobold hits you but does no damage.
You are electrocuted!
You die...

#.# #. ##.#.#### #.#
...#....# ..## ..#
#.##.## ..###.# #.##..#
#.#... #.###.. . #.#.#
#.# ##.
....######...######.#####
.......(@K.(.)...(.......
..<########..######.#####
#..# #.##### #..# #.##...
#..# #.##... #..# #.##...
#..# #.##... ##.. #.##...
#.##...


You could see a kobold.

Vanquished Creatures
  Terence (D:3)
  An orc wizard (D:3)
  2 adders
  A worm (D:2)
  2 giant geckos
  9 orcs (D:3)
  8 hobgoblins
  A jackal (D:1)
  7 kobolds
  A quokka (D:2)
  3 bats
  3 giant newts
  4 goblins
  8 rats
51 creatures vanquished.

Notes
Turn   | Place    | Note
--------------------------------------------------------------
     0 | D:1      | barb4r1an the Minotaur Fighter began the quest for the Orb.
     0 | D:1      | Reached XP level 1. HP: 19/19 MP: 0/0
   300 | D:1      | Reached XP level 2. HP: 27/27 MP: 1/1
   717 | D:2      | Reached skill level 4 in Armour
   788 | D:2      | Reached XP level 3. HP: 26/33 MP: 2/2
  1213 | D:3      | Reached XP level 4. HP: 25/41 MP: 3/3
  1481 | D:3      | Noticed Terence
  1500 | D:3      | Killed Terence
  1504 | D:3      | Slain by a kobold

Action                   |  1- 3 |  4- 6 || total
-------------------------+-------+-------++-------
Melee: Long sword        |   113 |    38 ||   151
